 Dungeon Crawl Stone Soup version 0.29.1-15-g9cfb28693d (webtiles) character file.

Game seed: 16701681294588750008

25 H0rd4k the Charlatan (level 3, -6/24 HPs)
             Began as an Octopode Artificer on Apr 12, 2023.
             Mangled by a gnoll
             ... wielding a +0 halberd
              (7 damage)
             ... on level 2 of the Dungeon.
             The game lasted 00:01:01 (1009 turns).

H0rd4k the Charlatan (Octopode Artificer)           Turns: 1009, Time: 00:01:03

Health: -6/24      AC:  1    Str: 11    XL:     3   Next: 4%
Magic:  4/4        EV: 13    Int: 15    God:
Gold:   54         SH:  0    Dex: 12    Spells: 4/4 levels left

rFire   . . .      SeeInvis .   (no weapon)
rCold   . . .      Faith    .   (no shield)
rNeg    . . .      Spirit   .   (helmet restricted)
rPois   .          Reflect  .   (no amulet)
rElec   .          Harm     .   (no ring)
rCorr   .          Rampage  .   (no ring)
Will    .....                   (no ring)
Stlth   +++.......              (no ring)
HPRegen 0.08/turn               (no ring)
MPRegen 0.09/turn               (no ring)
                                (no ring)
                                (no ring)

@: no status effects
A: almost no armour, amphibious, 8 rings, camouflage 1, gelatinous body 1,
(nimble swimmer 1), tentacles
a: no special abilities


You were on level 2 of the Dungeon.
You visited 1 branch of the dungeon, and saw 2 of its levels.

You collected 54 gold pieces.

Inventory:

Hand Weapons
 h - a +3 dagger
Wands
 b - a wand of flame (15) (quivered)
 c - a wand of charming (15)
 d - a wand of iceblast (4)
 l - a wand of polymorph (2)
Scrolls
 i - 2 scrolls of enchant armour {unknown}
 j - a scroll of identify {unknown}
Potions
 a - 3 potions of berserk rage {unknown}
 e - a potion of degeneration {unknown}
 f - a potion of invisibility {unknown}
 g - 2 potions of heal wounds {unknown}
 k - a potion of brilliance {unknown}


   Skills:
 * Level 2.2 Fighting
 - Level 2.3 Dodging
 - Level 1.3 Stealth
 + Level 0.6 Unarmed Combat
 * Level 1.1 Spellcasting
 - Level 3.2 Evocations


You had 4 spell levels left.
You didn't know any spells.
Your spell library was empty.

Dungeon Overview and Level Annotations

Branches:
Dungeon (2/15)

Altars:


Innate Abilities, Weirdness & Mutations

You cannot wear most types of armour.
You are amphibious.
You can wear up to eight rings at the same time.
Your skin changes colour to match your surroundings (Stealth+).
Your rubbery body absorbs attacks. (AC +1, EV +1)
((You are camouflaged when in or above water. (Stealth+)))
You have tentacles for arms and can constrict up to eight enemies at once.


Message History

No target in view!
Done exploring.
No target in view!
No target in view!
Done exploring.
(D) Dungeon
Where to? (? - help)
There is a stone staircase leading down here.
You climb downwards.
Found a copper wand, a whip and a smoky green potion.
Found a stone staircase leading up.
There is a stone staircase leading up here.
l - a wand of polymorph (2) 2 gnolls and a goblin come into view.
Found an escape hatch in the ceiling. 2 gnolls come into view.
The gnoll shouts! x4; The goblin shouts!
The gnoll completely misses you. The gnoll hits you with a +0 halberd!
Ouch! That really hurt!
You are too injured to fight recklessly!
You are too injured to fight recklessly!
You are too injured to fight recklessly!
You are too injured to fight recklessly!
The gnoll hits you from afar with a +0 halberd!
* * * LOW HITPOINT WARNING * * *
The goblin unwields a +0 dagger.
The goblin wields a +0 sling.
The goblin shoots a sling bullet.
The sling bullet closely misses you.
Aiming: Iceblast
Press: ? - help, Shift-Dir - straight line, f - goblin
Aim: a goblin, wielding a +0 sling The mass of ice explodes!
The iceblast engulfs the goblin!!
You kill the goblin!
The iceblast engulfs the gnoll!!
You kill the gnoll!
The iceblast engulfs the gnoll!
The gnoll is almost dead.
The iceblast engulfs the gnoll!
You kill the gnoll!
The gnoll hits you from afar with a +0 halberd!
You die...

.....<...#
.........#
...........
.........!
.....)....
##.......#
......<..+
.........###
.........@.#
.......<.#.#
.........#g)).....
.........#)g......
....######........
#### ##.......
....... .......
#######


You could see 2 gnolls.

Vanquished Creatures
  2 gnolls (D:2)
  2 dart slugs (D:1)
  2 ball pythons (D:1)
  4 endoplasms (D:1)
  2 goblins
  3 kobolds (D:1)
  A quokka (D:1)
  A bat (D:1)
  A frilled lizard (D:1)
  4 rats (D:1)
22 creatures vanquished.

Notes
Turn   | Place    | Note
-------+----------+-------------------------------------------
     0 | D:1      | H0rd4k the Octopode Artificer began the quest for the Orb.
     0 | D:1      | Reached XP level 1. HP: 13/13 MP: 1/1
   254 | D:1      | Reached XP level 2. HP: 14/19 MP: 2/2
   683 | D:1      | Reached skill level 1 in Spellcasting
   913 | D:1      | Reached XP level 3. HP: 20/24 MP: 4/4
  1008 | D:2      | HP: 1/24 [gnoll/+0 halberd (11)]
  1009 | D:2      | Mangled by a gnoll

Illustrated notes

Levels and vault maps discovered:
D:1:      saegor_arrival_simple_e, layout_basic
D:2:      layout_basic, basic_altar, amcnicky_mini_pool_small

Skill      XL: |  1  2 |
---------------+-------+-----
Fighting       | 2 |  2.2
Spellcasting   | 1 |  1.1
Dodging        | |  2.3
Stealth        | |  1.3
Unarmed Combat | |  0.6
Evocations     | |  3.2

Action                   || total
-------------------------++-------
Melee: Unarmed           ||    49
       Tentacles         ||    10
       Constrict         ||    13
Evoke: Wand              ||     1
 Stab: Sleeping          ||    10
Armor: Skin              ||     1
Dodge: Dodged            ||    19
